 Dungeon Crawl Stone Soup version 0.28.0 (webtiles) character file.

Game seed: 10608188524849100326

1632326 Findor the Hoplite (level 27, 146/186 HPs)
             Began as a Gargoyle Gladiator on Feb 8, 2022.
             Was an Initiate of Gozag.
             Escaped with the Orb
             ... and 3 runes!
             The game lasted 02:51:35 (71252 turns).

Findor the Hoplite (Gargoyle Gladiator)            Turns: 71252, Time: 02:51:36

Health: 146/186    AC: 53    Str: 31    XL:     27
Magic:  5/32       EV: 21    Int:  6    God:    Gozag
Gold:   9328       SH: 26    Dex: 11    Spells: 26/26 levels left

rFire   + + .      SeeInvis .   a - +9 demon whip (freeze)
rCold   + + .      Faith    .   z - +5 kite shield {AC+3}
rNeg    + . .      Spirit   .   k - +6 scale mail of Catatonia {Slay+5}
rPois   ∞          Reflect  +   (no helmet)
rElec   +          Harm     .   n - scarf {rC+ rF+}
rCorr   +          Rampage  +   W - +2 pair of gloves {Stlth+}
Will    +++++                   S - +2 pair of boots {rampage}
Stlth   +.........              c - amulet of reflection
HPRegen 0.41/turn               N - ring of Thoughtfulness {Will+++ MP+9 EV+4 Int-4}
MPRegen 0.23/turn               m - ring "Cegyemp" {rElec rF+ rC+ rCorr}

@: mighty, gold aura, flying, studying Translocations, invisible (expiring)
A: sickness immunity, AC +20, big wings, negative energy resistance 1,
electricity resistance, torment resistance 1, petrification resistance, talons
2, iridescent scales 2, subdued magic 1
0: Orb of Zot
}: 3/15 runes: barnacled, silver, gossamer
a: Renounce Religion, Potion Petition, Call Merchant, Bribe Branch


You escaped.
You worshipped Gozag.
Gozag was greatly pleased with you.
You visited 10 branches of the dungeon, and saw 49 of its levels.
You visited the Abyss 1 time.

You collected 28771 gold pieces.
You spent 2952 gold pieces at shops.
You paid 16491 gold pieces to Gozag.


Innate Abilities, Weirdness & Mutations

You are immune to sickness and miasma.
Your stone body is resilient. (AC +20)
You are immune to poison.
Your large and strong wings let you fly.
You resist negative energy. (rN+)
You are resistant to electric shocks. (rElec)
You are resistant to unholy torment.
You are immune to petrification.
You have razor-sharp toenails.
You are mostly covered in iridescent scales. (AC +4)
Your spells are a little easier to cast, but a little less powerful.


   Skills:
 + Level 22.4 Fighting
 + Level 23.7 Maces & Flails
 - Level 1.7 Throwing
 + Level 22.3 Armour
 + Level 17.1 Dodging
 + Level 24.5 Shields
 + Level 12.7 Evocations


You had 26 spell levels left.
You didn't know any spells.
Your spell library contained the following spells:

 Spells                   Type           Power      Damage    Failure   Level
 Beastly Appendage        Tmut           0%         N/A       58%         1
 Freeze                   Ice            0%         1d3       58%         1
 Sandblast                Erth           0%         2d4       58%         1
 Sting                    Tmut/Pois      0%         1d3       58%         1
 Summon Small Mammal      Summ           0%         N/A       58%         1
 Blink                    Tloc           0%         N/A       73%         2
 Passwall                 Tmut/Erth      0%         N/A       73%         2
 Poisonous Vapours        Pois/Air       0%         N/A       73%         2
 Scorch                   Fire           0%         2d5       73%         2
 Static Discharge         Conj/Air       0%         N/A       73%         2
 Wereblood                Tmut           0%         N/A       73%         2
 Call Canine Familiar     Summ           0%         N/A       92%         3
 Confusing Touch          Hex            0%         N/A       92%         3
 Dazzling Flash           Conj/Hex       0%         N/A       92%         3
 Frozen Ramparts          Ice            0%         1d2       92%         3
 Gell's Gravitas          Tloc           0%         N/A       92%         3
 Ignite Poison            Fire/Tmut/Pois 0%         N/A       92%         3
 Inner Flame              Hex/Fire       0%         N/A       92%         3
 Lesser Beckoning         Tloc           0%         N/A       92%         3
 Mephitic Cloud           Conj/Pois/Air  0%         N/A       92%         3
 Ozocubu's Armour         Ice            0%         N/A       92%         3
 Portal Projectile        Hex/Tloc       0%         N/A       92%         3
 Spider Form              Tmut/Pois      0%         N/A       92%         3
 Stone Arrow              Conj/Erth      0%         3d7       92%         3
 Summon Guardian Golem    Hex/Summ       0%         N/A       92%         3
 Teleport Other           Tloc           0%         N/A       92%         3
 Airstrike                Air            0%         N/A       100%        4
 Animate Armour           Summ/Erth      0%         N/A       100%        4
 Cause Fear               Hex            0%         N/A       100%        4
 Flame Wave               Conj/Fire      0%         2d4       100%        4
 Hailstorm                Conj/Ice       0%         3d3       100%        4
 Ice Form                 Ice/Tmut       0%         N/A       100%        4
 Iskenderun's Mystic Bla  Conj/Tloc      0%         2d3       100%        4
 Leda's Liquefaction      Hex/Erth       0%         N/A       100%        4
 Olgreb's Toxic Radiance  Pois           0%         N/A       100%        4
 Passage of Golubria      Tloc           0%         N/A       100%        4
 Summon Ice Beast         Ice/Summ       0%         N/A       100%        4
 Agony                    Necr           0%         N/A       100%        5
 Blade Hands              Tmut           0%         N/A       100%        5
 Excruciating Wounds      Necr           0%         N/A       100%        5
 Freezing Cloud           Conj/Ice/Air   0%         6-21      100%        5
 Lightning Bolt           Conj/Air       0%         1d11      100%        5
 Manifold Assault         Tloc           0%         N/A       100%        5
 Metabolic Englaciation   Hex/Ice        0%         N/A       100%        5
 Silence                  Hex/Air        0%         N/A       100%        5
 Summon Forest            Summ/Tloc      0%         N/A       100%        5
 Summon Mana Viper        Hex/Summ       0%         N/A       100%        5
 Conjure Ball Lightning   Conj/Air       0%         3x3d6     100%        6
 Dispersal                Tloc           0%         N/A       100%        6
 Iron Shot                Conj/Erth      0%         9d1       100%        6
 Simulacrum               Ice/Necr       0%         N/A       100%        6
 Starburst                Conj/Fire      0%         6d3       100%        6
 Summon Cactus Giant      Summ           0%         N/A       100%        6
 Monstrous Menagerie      Summ           0%         N/A       100%        7
 Storm Form               Tmut/Air       0%         N/A       100%        7
 Discord                  Hex            0%         N/A       100%        8
 Disjunction              Tloc           0%         N/A       100%        8
 Lehudib's Crystal Spear  Conj/Erth      0%         10d2      100%        8
 Maxwell's Capacitive Co  Air            0%         ∞         100%        8
 Necromutation            Tmut/Necr      0%         N/A       100%        8
 Chain Lightning          Conj/Air       0%         N/A       100%        9

Inventory:

Hand Weapons
 a - a +9 demon whip of freezing (weapon)
   (You took it off a balrug on level 4 of the Abyss)
 b - a +8 demon whip of electrocution
   (You took it off a balrug on level 4 of the Realm of Zot)
Missiles
 u - 5 boomerangs of dispersal {!f}
 B - 11 throwing nets (quivered) {!f}
Armour
 f - the +2 helmet of Lugonu's Inspiration {rC+}
   (You found it on level 12 of the Dungeon)

   rC:        It protects you from cold.
 k - the +6 scale mail of Catatonia (worn) {Slay+5}
   (You found it on level 14 of the Dungeon)

   Slay:      It affects your accuracy & damage with ranged weapons and melee
   (+5).
 n - a scarf of resistance (worn)
   (You found it on level 2 of the Dungeon)
 z - a +5 kite shield of protection (worn)
   (You acquired it on level 2 of the Shoals)
 L - the +5 tower shield of the Farrier {rF++ rN+ MP+9 Slay-5}
   (You took it off a daeva on level 5 of the Realm of Zot)

   Slay:      It affects your accuracy & damage with ranged weapons and melee
   (-5).
   rF:        It greatly protects you from fire.
   rN:        It protects you from negative energy.
   MP:        It affects your magic capacity (+9).
 S - a +2 pair of boots of rampaging (worn)
   (You bought it in a shop on level 1 of the Spider Nest)
 W - a +2 pair of gloves of stealth (worn)
   (You bought it in a shop on level 2 of the Lair of Beasts)
Jewellery
 c - an amulet of reflection (around neck)
   (You bought it in a shop on level 15 of the Dungeon)
 d - the amulet of Gamyreqiet {RegenMP *Slow rN+ Regen+ Dex+2}
   (You found it on level 3 of the Depths)

   [amulet of magic regeneration]

   It increases your rate of magic regeneration.
   Dex:       It affects your dexterity (+2).
   rN:        It protects you from negative energy.
   Regen:     It increases your rate of health regeneration.
   *Slow:     It may slow you when you take damage.
 h - the ring of Soycwamp {rN+ SInv}
   (You took it off a deep elf annihilator on level 3 of the Elven Halls)

   [ring of see invisible]

   rN:        It protects you from negative energy.
   SInv:      It lets you see invisible.
 m - the ring "Cegyemp" (right hand) {rElec rF+ rC+ rCorr}
   (You found it on level 7 of the Dungeon)

   [ring of protection from cold]

   rF:        It protects you from fire.
   rC:        It protects you from cold.
   rElec:     It insulates you from electricity.
   rCorr:     It protects you from acid and corrosion.
 s - the ring of Foazxisch {EV+4 Str+6}
   (You found it on level 3 of the Depths)

   [ring of evasion]

   EV:        It affects your evasion (+4).
   Str:       It affects your strength (+6).
 N - the ring of Thoughtfulness (left hand) {Will+++ MP+9 EV+4 Int-4}
   (You found it on level 4 of the Shoals)

   [ring of evasion]

   EV:        It affects your evasion (+4).
   Int:       It affects your intelligence (-4).
   MP:        It affects your magic capacity (+9).
   Will:      It greatly increases your willpower.
 P - a +4 ring of slaying
   (You found it on level 10 of the Dungeon)
Wands
 v - a wand of digging (3)
   (You found it on level 4 of the Depths)
 x - a wand of acid (13)
   (You found it on level 4 of the Shoals)
Scrolls
 i - 7 scrolls of fear
 l - a scroll of magic mapping
 o - 22 scrolls of teleportation {@r4}
 p - 5 scrolls of enchant armour
 r - 10 scrolls of vulnerability {!r}
 A - 5 scrolls of blinking
 C - 3 scrolls of silence
 F - a scroll of summoning
 J - 5 scrolls of fog
 K - 5 scrolls of holy word
 M - 3 scrolls of brand weapon
Potions
 e - 14 potions of curing {@q1}
 g - 8 potions of cancellation
 j - 8 potions of lignification {!q}
 q - 13 potions of ambrosia
 t - 6 potions of mutation {!q}
 G - 5 potions of heal wounds {@q2}
 H - 2 potions of resistance
 I - 7 potions of haste {@q3}
 O - a potion of might
 T - 5 potions of attraction {!q}
 U - a potion of berserk rage
 X - 2 potions of magic
 Y - 5 potions of brilliance
 Z - 3 potions of invisibility
Miscellaneous
 w - a condenser vane
   (You found it on level 5 of the Vaults)
 y - a box of beasts
   (You found it on level 2 of the Vaults)
 D - a phial of floods
   (You found it on level 5 of the Vaults)
 E - a phantom mirror
   (You found it on level 3 of the Elven Halls)
 Q - a lightning rod (4/4) {!a}
   (You found it on level 10 of the Dungeon)
 R - a tin of tremorstones (2/2)
   (You found it on level 3 of the Elven Halls)
 V - a phantom mirror
   (You found it on level 3 of the Elven Halls)


Message History

You feel your power leaking away.
You whack Ponwes! You hit Ponwes. You block Ponwes's attack.
You hit Ponwes but do no damage. You block Ponwes's attack.
You closely miss Ponwes. You thrash Ponwes!! Ponwes closely misses you.
You whack Ponwes! You hit Ponwes. You block Ponwes's attack.
You closely miss Ponwes. You block Ponwes's attack.
You thrash Ponwes!! You miss Ponwes. You block Ponwes's attack.
You hit Ponwes but do no damage. You whack Ponwes! Ponwes hits you!
You feel your power leaking away.
You thrash Ponwes!! You block Ponwes's attack.
You punish Ponwes, causing immense pain!!!
You whack Ponwes! Ponwes hits you!!
You feel your power leaking away.
You miss Ponwes. You closely miss Ponwes. You block Ponwes's attack.
You hit Ponwes but do no damage. You whack Ponwes! Ponwes misses you.
You miss Ponwes. You barely miss Ponwes. Ponwes hits you but does no damage.
You punish Ponwes, causing immense pain!!!
You kill Ponwes!
You rampage towards the small abomination!
You thrash the small abomination!! You freeze the small abomination.
You devastate the small abomination!!!
You freeze the small abomination.
You destroy the small abomination!
You now have 9285 gold pieces (gained 17).
You now have 9304 gold pieces (gained 19).
An Orb Guardian comes into view.
You rampage towards the Orb Guardian!
You rampage towards the Orb Guardian!
You whack the Orb Guardian! You freeze the Orb Guardian.
You closely miss the Orb Guardian. You block the Orb Guardian's attack.
You miss the Orb Guardian. You thrash the Orb Guardian!!
You freeze the Orb Guardian!
Your extra speed is starting to run out.
You block the Orb Guardian's attack.
You thrash the Orb Guardian!! You freeze the Orb Guardian.
You kill the Orb Guardian!
You now have 9328 gold pieces (gained 24).
You see here 13 sling bullets.
There is an open door here.
You feel yourself slow down.
There is a staircase leading out of the dungeon here.
You flicker for a moment.
You have escaped!

##########
#........#
#........# ########
#.@......# #......#
#........# #......#
#........# #......#
#####'#### #......#
######(######.(.....
#..........######.##
#.8..≈≈≈≈..# #.##
#..........# #...
##########.# #...


There were no monsters in sight!

Vanquished Creatures
  4 dread liches
  An ancient lich (Zot:5)
  Mara (Vaults:2)
  2 orbs of fire
  2 juggernauts
  3 Killer Klowns
  Margery (Vaults:3)
  Xtahua (Vaults:2)
  2 curse toes
  Bai Suzhen (Elf:3)
  Saint Roka (Vaults:2)
  A caustic shrike (Zot:2)
  A pandemonium lord (D:1)
  8 golden dragons
  Arachne (Spider:4)
  2 electric golems (Zot:5)
  A hellephant (Zot:2)
  14 tentacled monstrosities
  A walking crystal tome (Depths:2)
  25 Orb Guardians
  5 liches
  Asterion (Vaults:2)
  2 deep elf master archers (Elf:3)
  7 titans
  9 quicksilver dragons
  5 deep elf blademasters
  A kraken (Shoals:2)
  Frances (D:14)
  6 sphinxes
  5 acid blobs
  13 death cobs
  The ghost of Iidacon the Impaler, an adept MiBe of Trog (Shoals:3)
  12 shadow dragons
  4 azure jellies (Depths:2)
  4 draconian knights
  3 tengu reavers
  Ilsuiw (Shoals:3)
  12 storm dragons
  4 rockslimes (Depths:2)
  A daeva (Zot:5)
  Louise (D:15)
  2 draconian monks (Zot:3)
  A fenstrider witch (shapeshifter) (D:15)
  13 frost giants
  A frost giant (shapeshifter) (Zot:4)
  21 vault wardens
  5 emperor scorpions
  8 fire giants
  3 orc warlords
  3 balrugs
  Aizul (Vaults:3)
  4 spectral caustic shrikes (Depths:1)
  2 iron dragons
  A curse skull (Depths:3)
  7 ghost moths
  2 ghost moths (shapeshifter) (Vaults:5)
  2 draconian scorchers (Zot:3)
  4 deep elf elementalists (Elf:3)
  2 spriggan defenders (Depths:4)
  7 deep elf sorcerers
  6 draconian shifters
  6 draconian stormcallers (Zot:3)
  22 ironbound preservers
  A caustic shrike zombie (Depths:1)
  9 draconian annihilators
  3 war gargoyles
  9 stone giants
  30 very ugly things
  A reaper (Depths:4)
  A juggernaut skeleton (Depths:1)
  7 ironbound thunderhulks
  2 black draconians (shapeshifter)
  5 green draconians
  8 deep elf annihilators
  8 deep elf demonologists
  2 vampire knights (Depths:4)
  7 black draconians
  10 white draconians
  Azrael (D:15)
  6 entropy weavers
  14 purple draconians
  12 dire elephants
  10 spark wasps
  3 yellow draconians
  8 red draconians
  Snorg (D:13)
  9 deep elf death magi
  5 merfolk javelineers
  11 ettins
  4 crystal guardians
  13 yaktaur captains
  The ghost of Zippel the Thaumaturge, a journeyman DrAE of Qazlal (Elf:1)
  8 fire dragons
  9 merfolk impalers
  10 great orbs of eyes
  A fire dragon (shapeshifter) (Zot:4)
  3 deep elf high priests
  6 ice dragons
  2 hell beasts
  3 rakshasas
  8 centaur warriors
  10 hydras
  5 ironbound frosthearts
  5 peacekeepers
  36 vault guards
  2 alligator snapping turtles (Shoals:3)
  A jorogumo (Spider:2)
  4 merfolk avatars
  9 boulder beetles
  2 ogre magi
  3 radroaches
  4 spriggan air magi
  2 satyrs (Shoals:4)
  5 tengu warriors
  A death knight (Zot:4)
  6 merfolk aquamancers
  6 deep troll shamans
  A thrashing horror (Vaults:1)
  2 vampire magi
  4 spriggan berserkers
  2 hell hogs (Depths:4)
  3 deep troll earth magi
  5 orc high priests
  3 wretched stars (Abyss:4)
  14 deep elf knights
  10 hell knights
  7 soul eaters
  A fire crab (shapeshifter) (D:13)
  5 sun demons
  2 sun moths
  A sixfirhy (Lair:6)
  A goliath frog (shapeshifter) (Depths:3)
  4 iron trolls
  6 pharaoh ants
  8 steelbarb worms
  2 glowing orange brains
  50 deep trolls
  12 orb spiders
  A swamp dragon (shapeshifter) (Vaults:1)
  A flayed ghost (Depths:1)
  9 sea snakes
  An orange crystal statue (Spider:3)
  7 deep elf archers
  3 phantasmal warriors (Vaults:5)
  18 wizards
  A lindwurm (shapeshifter) (Vaults:5)
  Pikel (D:7)
  17 deep elf zephyrmancers
  8 orc sorcerers
  14 ironbound convokers
  15 lindwurms
  28 wolf spiders
  17 orc knights
  11 harpies
  9 necromancers
  4 spectral wolf spiders (Spider:1)
  13 wolf spider zombies (Spider:1)
  19 deep elf pyromancers
  A sphinx skeleton (Depths:1)
  30 moths of wrath
  A worldbinder (Abyss:4)
  50 ugly things
  18 manticores
  18 fauns
  2 fire giant skeletons (Vaults:4)
  An oklob plant (Orc:2)
  7 cyclopes
  4 merfolk sirens
  9 elephants
  A will-o-the-wisp (Abyss:4)
  6 black mambas
  2 guardian serpents (Zot:4)
  A rust devil (Depths:2)
  19 vault sentinels
  4 stone giant skeletons
  5 smoke demons
  A yaktaur zombie (Vaults:2)
  4 orange demons
  4 unseen horrors
  2 gargoyles
  5 torpor snails
  6 water nymphs
  17 cane toads
  A tormentor (D:15)
  35 yaktaurs
  5 kobold demonologists
  4 rime drakes
  2 efreet
  3 tengu conjurers
  6 demonic crawlers
  13 komodo dragons
  2 freezing wraiths (Vaults:5)
  A yaktaur skeleton (Vaults:1)
  2 ice devils
  5 hellwings
  31 merfolk
  9 redback zombies (Spider:1)
  A spriggan skeleton (Depths:1)
  7 trolls
  A silent spectre (Depths:3)
  A queen bee (D:11)
  2 red devils
  A human skeleton (Vaults:2)
  2 large abominations
  17 tarantellas
  7 meliai
  A wind drake (shapeshifter) (Elf:1)
  7 wind drakes
  3 hornets
  3 wolf spider simulacra
  7 culicivora zombies (Spider:1)
  2 harpy zombies (Zot:4)
  39 blink frogs
  4 polar bears
  33 slime creatures
  12 dream sheep
  An air elemental (Elf:3)
  22 culicivoras
  2 tarantella zombies (Spider:1)
  2 meliai zombies
  3 raiju (Zot:4)
  10 snapping turtles
  21 jumping spiders
  A frost giant simulacrum (Vaults:1)
  2 ynoxinuls
  3 spriggans
  2 vampires (D:15)
  11 water elementals
  7 humans
  4 hogs (D:8)
  5 fire elementals
  7 wyverns
  55 yaks
  4 basilisks
  A neqoxec (Zot:3)
  2 yaks (shapeshifter) (D:13)
  6 golden eyes
  Grum (Lair:1)
  A basilisk (shapeshifter) (Elf:3)
  2 small abominations
  51 redbacks
  A steam dragon (D:7)
  2 chaos spawn
  3 vampire mosquitoes (D:14)
  3 wargs
  Edmund (D:4)
  A human zombie (Vaults:1)
  12 water moccasins
  8 hell hounds
  50 orc warriors
  A swamp drake (Lair:6)
  5 black bears
  A necrophage (D:3)
  6 boggarts (Zot:4)
  An ice beast (D:6)
  3 sky beasts
  A black bear (shapeshifter) (Zot:4)
  14 wolves
  14 centaurs
  6 ogres
  4 lemures (D:6)
  2 kobold brigands
  A phantom (D:6)
  9 bullfrogs
  2 earth elementals
  4 scorpions
  A gnoll sergeant (D:10)
  A water moccasin skeleton (D:3)
  8 wights
  25 killer bees
  3 howler monkeys (D:11)
  4 jellies
  3 centaur zombies
  A hound (D:5)
  Crazy Yiuf (D:7)
  2 bullfrog skeletons
  33 orc priests
  2 gnoll shamans
  4 iguanas
  18 orc wizards
  3 howler monkey zombies
  16 gnolls
  6 adders
  2 shadow imps
  2 white imps
  An ufetubus (D:4)
  2 adder skeletons (D:4)
  2 worms
  94 orcs
  5 endoplasms
  A giant cockroach (D:1)
  6 goblins
  7 hobgoblins
  10 jackals
  3 quokkas
  3 ball pythons (D:2)
  5 bats
  2 frilled lizards (D:1)
  12 kobolds
  4 rats
  A butterfly (Zot:4)
  A pillar of salt (Vaults:1)
2148 creatures vanquished.

Vanquished Creatures (collateral kills)
  A deep troll (Vaults:2)
1 creature vanquished.

Vanquished Creatures (others)
  A draconian knight (Zot:3)
  A frost giant (Vaults:5)
  34 dancing weapons
  A vampire mage (Depths:4)
  2 deep elf knights
  A deep elf pyromancer (Elf:3)
  A raiju (Abyss:4)
  A human (Depths:3)
  A basilisk (shapeshifter) (D:13)
  2 orcs
  8 foxfires (Abyss:4)
  36 fungi
  148 plants
  13 tentacles (Shoals:2)
250 creatures vanquished.

Grand Total: 2399 creatures vanquished

Notes
Turn   | Place    | Note
-------+----------+-------------------------------------------
     0 | D:1      | Findor the Gargoyle Gladiator began the quest for the Orb.
     0 | D:1      | Reached XP level 1. HP: 12/12 MP: 1/1
   175 | D:1      | Reached XP level 2. HP: 10/17 MP: 2/2
   925 | D:2      | Reached XP level 3. HP: 8/21 MP: 3/3
   968 | D:2      | HP: 3/21 [rat (2)]
  1481 | D:3      | Found a shadowy altar of Dithmenos.
  1592 | D:2      | Reached XP level 4. HP: 26/26 MP: 4/4
  1839 | D:3      | Found a bloodstained altar of Trog.
  1839 | D:3      | Noticed a water moccasin
  1994 | D:3      | Reached XP level 5. HP: 7/30 MP: 5/5
  2480 | D:3      | Found an opulent altar of Gozag.
  2491 | D:3      | Became a worshipper of Gozag Ym Sagoz the Greedy
  2612 | D:4      | Noticed a necrophage
  2612 | D:4      | Noticed Edmund
  2630 | D:3      | Killed a necrophage
  2631 | D:3      | Reached skill level 6 in Maces & Flails
  2748 | D:3      | Reached XP level 6. HP: 26/35 MP: 6/6
  2975 | D:4      | Killed Edmund
  3400 | D:5      | Entered Level 5 of the Dungeon
  3409 | D:5      | Noticed a black bear
  3451 | D:5      | Reached XP level 7. HP: 26/40 MP: 7/7
  4171 | D:5      | Reached skill level 9 in Maces & Flails
  4437 | D:5      | Reached XP level 8. HP: 44/44 MP: 8/8
  4764 | D:5      | Reached skill level 1 in Armour
  5315 | D:6      | Reached skill level 3 in Armour
  5445 | D:6      | Reached XP level 9. HP: 48/48 MP: 9/9
  5652 | D:7      | Found a staircase to the Ecumenical Temple.
  5654 | D:7      | Identified the ring "Cegyemp" {rElec rF+ rC+ rCorr}
  5670 | Temple   | Entered the Ecumenical Temple
  5742 | D:7      | Got the Papyrus of Hexes and Air
  5930 | D:7      | Noticed Pikel
  6128 | D:7      | Killed Pikel
  6129 | D:7      | Reached skill level 12 in Maces & Flails
  6227 | D:7      | Found a runed translucent door.
  6228 | D:7      | Noticed Crazy Yiuf
  6571 | D:7      | Killed Crazy Yiuf
  6683 | D:8      | Reached skill level 6 in Armour
  6692 | D:8      | Reached XP level 10. HP: 48/53 MP: 10/10
  6926 | D:8      | Found a broken altar of Ashenzari.
  7747 | D:9      | Reached skill level 3 in Fighting
  7807 | D:9      | Found a staircase to the Lair.
  7940 | D:9      | Reached skill level 3 in Dodging
  7963 | D:9      | Found a staircase to the Orcish Mines.
  8689 | D:9      | Reached XP level 11. HP: 57/63 MP: 11/11
  8798 | D:8      | Found a stormy altar of Qazlal.
  8798 | D:8      | Found a glowing silver altar of Zin.
  8798 | D:8      | Found an iron altar of Okawaru.
  8798 | D:8      | Found a hazy altar of Hepliaklqana.
  8801 | D:8      | Found an ornate altar of the Wu Jian Council.
  8850 | Lair:1   | Entered Level 1 of the Lair of Beasts
  9178 | Lair:1   | Noticed Grum
  9180 | Lair:1   | Gained mutation: You are agile. (Dex +2) [potion of
                  | mutation]
  9180 | Lair:1   | Gained mutation: You have sharp toenails. [potion of
                  | mutation]
  9190 | Lair:1   | Killed Grum
  9222 | Lair:1   | Reached skill level 6 in Fighting
  9978 | Lair:2   | HP: 12/66 [cane toad (15)]
 10115 | Lair:2   | Found a staircase to the Shoals.
 10764 | Lair:2   | Reached skill level 1 in Evocations
 11066 | Lair:3   | Reached skill level 1 in Shields
 11125 | Lair:3   | Reached skill level 2 in Shields
 11178 | Lair:3   | Reached XP level 12. HP: 73/73 MP: 12/12
 11183 | Lair:3   | Reached skill level 3 in Shields
 11308 | Lair:3   | Reached skill level 4 in Shields
 11868 | Lair:3   | Reached skill level 5 in Shields
 11913 | Lair:4   | Noticed an eight-headed hydra
 11942 | Lair:3   | Killed an eight-headed hydra
 11995 | Lair:3   | Reached skill level 15 in Maces & Flails
 12003 | Lair:3   | Reached skill level 6 in Shields
 12054 | Lair:4   | Identified the +4 ring mail "Yxaleem" {rC+ rN+ Regen+}
 12114 | Lair:4   | Reached skill level 9 in Fighting
 12395 | Lair:3   | Reached skill level 7 in Shields
 12415 | Lair:3   | Reached skill level 9 in Armour
 12572 | Lair:4   | Found a hole to the Spider Nest.
 13050 | Lair:5   | Reached XP level 13. HP: 80/80 MP: 13/13
 13058 | Lair:5   | Reached skill level 8 in Shields
 13147 | Lair:5   | Identified the +3 leather armour of Tyseo {rF+ Will+ Dex+2
                  | SInv}
 13159 | Lair:5   | Found a staircase to the Slime Pits.
 13159 | Lair:5   | Found a viscous altar of Jiyva.
 13195 | Lair:5   | Found a radiant altar of Vehumet.
 14089 | Lair:6   | Entered Level 6 of the Lair of Beasts
 14230 | Lair:5   | Reached skill level 9 in Shields
 14500 | Lair:5   | Reached skill level 6 in Dodging
 14618 | Lair:5   | Reached skill level 10 in Shields
 14788 | Lair:5   | Gained mutation: Your large and strong wings let you fly.
                  | [Gargoyle growth]
 14788 | Lair:5   | Reached XP level 14. HP: 88/88 MP: 14/14
 15022 | Lair:6   | Reached skill level 11 in Shields
 15575 | Lair:6   | Noticed a dire elephant
 15596 | Lair:6   | Killed a dire elephant
 15664 | Lair:6   | Found a burning altar of Makhleb.
 15882 | D:10     | Entered Level 10 of the Dungeon
 16384 | D:10     | Found a white marble altar of Elyvilon.
 16596 | D:10     | Reached skill level 3 in Evocations
 17532 | D:11     | Reached skill level 12 in Shields
 17769 | Spider:1 | Entered Level 1 of the Spider Nest
 17937 | Spider:1 | Bought a +2 pair of boots of rampaging for 365 gold pieces
 17973 | Spider:1 | Reached XP level 15. HP: 94/96 MP: 15/15
 18110 | Spider:1 | Killed a ghost moth
 18269 | Shoals:1 | Entered Level 1 of the Shoals
 18409 | Orc:1    | Entered Level 1 of the Orcish Mines
 18412 | Orc:1    | Noticed an orc warlord
 18437 | D:9      | Killed an orc warlord
 18523 | Orc:1    | Reached skill level 12 in Fighting
 19014 | Orc:2    | Entered Level 2 of the Orcish Mines
 19014 | Orc:2    | Found a staircase to the Elven Halls.
 19142 | Orc:1    | Reached skill level 13 in Shields
 19155 | Orc:1    | Reached skill level 12 in Armour
 19316 | Orc:2    | Gained mutation: You tend to lose your temper in combat. [a
                  | neqoxec]
 19851 | Lair:2   | Lost mutation: You tend to lose your temper in combat.
                  | [potion of mutation]
 19851 | Lair:2   | Lost mutation: You are agile. (Dex +2) [potion of mutation]
 19851 | Lair:2   | Lost mutation: You have sharp toenails. [potion of
                  | mutation]
 19851 | Lair:2   | Gained mutation: You are weak. (Str -2) [potion of
                  | mutation]
 19851 | Lair:2   | Lost mutation: You are weak. (Str -2) [potion of mutation]
 19851 | Lair:2   | Gained mutation: You are robust. (+10% HP) [potion of
                  | mutation]
 20861 | Orc:2    | Found Pisuger's Weapon Shoppe.
 20864 | Orc:2    | Found Joikuebu's Distillery.
 20865 | Orc:2    | Found Xocwagitz's Assorted Antiques.
 20866 | Orc:2    | Found Acoinu's Distillery.
 20869 | Orc:2    | Bought a scroll labelled MAOL XOIKHUSA for 35 gold pieces
 20869 | Orc:2    | Bought a scroll of blinking for 262 gold pieces
 20869 | Orc:2    | Bought a scroll of blinking for 262 gold pieces
 20869 | Orc:2    | Bought a scroll of teleportation for 105 gold pieces
 20870 | Orc:2    | Bought a potion of attraction for 39 gold pieces
 20870 | Orc:2    | Bought a potion of mutation for 104 gold pieces
 20872 | Orc:2    | Bought a potion of degeneration for 10 gold pieces
 20872 | Orc:2    | Bought a potion of heal wounds for 50 gold pieces
 20872 | Orc:2    | Bought a potion of mutation for 80 gold pieces
 20874 | Orc:2    | Bought a potion of haste for 100 gold pieces
 20874 | Orc:2    | Bought a potion of haste for 100 gold pieces
 21200 | Lair:2   | Bought a +2 pair of gloves of stealth for 258 gold pieces
 21757 | Shoals:1 | Reached skill level 14 in Shields
 22196 | Shoals:2 | Reached XP level 16. HP: 113/113 MP: 16/16
 22257 | Shoals:2 | Reached skill level 6 in Evocations
 22709 | Shoals:2 | Noticed a kraken
 22774 | Shoals:2 | Killed a kraken
 23058 | Shoals:2 | Acquired a +0 kite shield of protection
 23860 | Shoals:3 | Reached skill level 15 in Shields
 23984 | Shoals:3 | Found a transporter.
 23990 | Shoals:3 | Noticed Iidacon's ghost (adept MiBe)
 24252 | Shoals:3 | Found a transporter.
 24369 | Shoals:4 | Entered Level 4 of the Shoals
 24418 | Shoals:3 | Reached skill level 9 in Dodging
 24566 | Shoals:4 | Got the Volume of Lightness
 24951 | Shoals:4 | HP: 16/114 [satyr/sling bullet (22)]
 25176 | Shoals:4 | Got a barnacled rune of Zot
 25199 | Shoals:4 | Noticed Ilsuiw
 25354 | Shoals:3 | Killed Ilsuiw
 25766 | Shoals:4 | Identified the ring of Thoughtfulness {Will+++ MP+9 EV+4
                  | Int-4}
 26133 | Shoals:4 | Reached XP level 17. HP: 119/119 MP: 17/17
 26276 | Elf:1    | Entered Level 1 of the Elven Halls
 26347 | Elf:1    | Found Gaysist's Weapon Boutique.
 26786 | Elf:1    | Reached skill level 16 in Shields
 26814 | Elf:1    | Found a transporter.
 26816 | Elf:1    | Found a transporter.
 26824 | Elf:1    | Found a bloodstained altar of Trog.
 26835 | Elf:1    | Noticed a deep elf blademaster
 27029 | Elf:1    | Identified the +11 trident of the Endless Expanse {vorpal,
                  | Dex+4}
 27116 | Elf:1    | Noticed a deep elf blademaster
 27128 | Elf:1    | Paralysed by an air elemental for 1 turns
 27132 | Elf:1    | Paralysed by an air elemental for 1 turns
 27142 | Elf:1    | Paralysed by an air elemental for 1 turns
 27308 | Elf:1    | Noticed Zippel's ghost (journeyman DrAE)
 27779 | D:12     | Identified the +2 helmet of Lugonu's Inspiration {rC+}
 28254 | D:13     | Found a gate to the Vaults.
 28363 | D:13     | Acquired 671 gold pieces
 28717 | D:13     | Noticed Snorg
 28735 | D:13     | Killed Snorg
 29074 | D:14     | Found a broken altar of Ashenzari.
 29246 | D:14     | Identified the +6 scale mail of Catatonia {Slay+5}
 29576 | D:14     | Noticed Frances
 29588 | D:14     | Killed Frances
 29650 | D:15     | Entered Level 15 of the Dungeon
 29762 | D:15     | Noticed Azrael
 29805 | D:15     | Killed Azrael
 29879 | D:15     | Found a staircase to the Depths.
 29905 | D:15     | Found Mahuofee's Jewellery Emporium.
 29963 | D:15     | Reached skill level 18 in Maces & Flails
 30004 | D:15     | Bought an amulet of reflection for 360 gold pieces
 30107 | D:15     | Reached skill level 17 in Shields
 30378 | D:15     | Noticed Louise
 30401 | D:15     | Killed Louise
 30484 | D:15     | Found Yfedig's Blood Bar.
 30888 | Vaults:1 | Entered Level 1 of the Vaults
 30911 | Vaults:1 | Cast into level 4 of the Abyss (vault warden)
 30940 | Abyss:4  | Noticed a bone dragon
 30956 | Abyss:4  | Found a corrupted altar of Lugonu.
 31118 | Abyss:4  | Noticed a lich
 31125 | Abyss:4  | Killed a lich
 31163 | Vaults:1 | Escaped the Abyss
 31496 | Vaults:1 | Reached XP level 18. HP: 111/128 MP: 18/18
 32430 | Vaults:1 | Reached skill level 15 in Fighting
 32543 | Vaults:1 | HP: 25/130 [deep troll[an ironbound preserver] (13)]
 32560 | Vaults:1 | Reached skill level 18 in Shields
 32944 | Vaults:1 | Reached skill level 15 in Armour
 33325 | Vaults:1 | Found Ubyaverph's Magic Scroll Shoppe.
 33366 | Vaults:1 | Bought a scroll of enchant armour for 135 gold pieces
 33366 | Vaults:1 | Bought a scroll of identify for 36 gold pieces
 33366 | Vaults:1 | Bought a scroll of identify for 36 gold pieces
 34533 | Vaults:2 | Found Lyddimu's Distillery.
 34720 | Vaults:2 | Bought a potion of berserk rage for 80 gold pieces
 34720 | Vaults:2 | Bought a potion of heal wounds for 80 gold pieces
 34801 | Vaults:2 | Reached XP level 19. HP: 136/136 MP: 19/19
 35363 | Vaults:2 | Noticed Saint Roka
 35411 | Vaults:2 | Killed Saint Roka
 36544 | Vaults:2 | Reached skill level 19 in Shields
 36682 | Vaults:2 | Noticed Mara
 36697 | Vaults:2 | Noticed Findor's illusion
 36716 | Vaults:2 | Killed Mara
 36728 | Vaults:2 | Noticed Xtahua
 36755 | Vaults:2 | Killed Xtahua
 37683 | Spider:1 | Identified the +5 mace "Cenits" {flame, rC+ Int+4}
 39539 | Spider:3 | Reached skill level 12 in Dodging
 40046 | Spider:3 | Reached XP level 20. HP: 145/145 MP: 20/20
 41080 | Spider:4 | Entered Level 4 of the Spider Nest
 41909 | Spider:4 | Noticed Arachne
 42158 | Spider:4 | Got a gossamer rune of Zot
 42402 | Spider:4 | Killed Arachne
 43244 | Vaults:3 | Noticed Asterion
 43265 | Vaults:2 | Killed Asterion
 43271 | Vaults:2 | Reached skill level 20 in Shields
 43969 | Vaults:3 | Noticed Aizul
 44000 | Vaults:3 | Killed Aizul
 44503 | Vaults:3 | Reached XP level 21. HP: 154/154 MP: 21/21
 44931 | Vaults:3 | Found Joifydgh's General Store.
 45027 | Vaults:3 | Found a staircase to the Crypt.
 45027 | Vaults:3 | Found an ancient bone altar of Kikubaaqudgha.
 45027 | Vaults:3 | Found a basalt altar of Yredelemnul.
 45230 | Vaults:4 | Noticed Margery
 45276 | Vaults:3 | Killed Margery
 45605 | Vaults:4 | Found Per Vube's Jewellery Shoppe.
 46166 | Vaults:4 | Reached skill level 18 in Fighting
 46524 | Vaults:4 | Reached skill level 18 in Armour
 47959 | Elf:1    | Killed Zippel's ghost
 48604 | Elf:2    | Found Taazis's Antique Armour Shoppe.
 48629 | Elf:2    | Reached skill level 21 in Shields
 48686 | Elf:2    | Reached XP level 22. HP: 162/162 MP: 22/22
 48723 | Elf:2    | Found a runed translucent gate.
 48723 | Elf:2    | Found a runed translucent gate.
 48737 | Elf:2    | Found a runed translucent gate.
 49322 | Elf:3    | Entered Level 3 of the Elven Halls
 49609 | Elf:3    | Noticed Bai Suzhen
 49628 | Elf:3    | Killed Bai Suzhen
 50103 | Elf:3    | Identified the ring "Qeqeovo" {Will+ Str+6 Int-5 Stlth+}
 50105 | Elf:3    | Identified the +7 chain mail "Goxifupa" {MP+9 Int+4}
 50265 | Elf:3    | Paralysed by an air elemental for 1 turns
 50297 | Elf:3    | Reached skill level 21 in Maces & Flails
 50304 | Elf:3    | Identified the ring of Soycwamp {rN+ SInv}
 50677 | Elf:3    | Identified the +5 war axe of the Elven Halls {elec, Will+
                  | Str+3 Dex-4}
 50728 | Elf:3    | Got Naemior's Reference Book on the Frigorific Birds
 50810 | Elf:3    | Identified the ring of Ixtipi {*Corrode rPois rN+++ EV+4
                  | Dex+2}
 51229 | Vaults:5 | Entered Level 5 of the Vaults
 51607 | Vaults:5 | Noticed a dread lich
 51632 | Vaults:5 | Killed a dread lich
 51724 | Vaults:5 | Reached XP level 23. HP: 156/170 MP: 23/23
 52532 | Vaults:5 | Identified the +8 mace "Orb Guardian's Death" {freeze,
                  | Str+6 Stlth+}
 52564 | Vaults:5 | Identified the +10 great mace "Demonslayer" {venom, rF+ rN+
                  | Str+4}
 52568 | Vaults:5 | Reached skill level 22 in Shields
 52682 | Vaults:5 | Got the Catalogue of Evolution
 53047 | Vaults:5 | Got a silver rune of Zot
 54004 | Depths:1 | Entered Level 1 of the Depths
 54149 | Depths:1 | Found a one-way gate leading to the halls of Pandemonium.
 54439 | Depths:1 | Found a gateway to Hell.
 54474 | Depths:1 | Found an ornate altar of the Wu Jian Council.
 54611 | Depths:1 | Reached skill level 15 in Dodging
 55184 | Depths:2 | Found a runed translucent door.
 55191 | Depths:2 | Reached XP level 24. HP: 140/179 MP: 23/23
 55306 | Depths:2 | Identified the quicksilver dragon scales of the Cuttlefish
                  | {*Slow rPois Will+ Str+2 Int+3}
 55306 | Depths:2 | Noticed a caustic shrike
 55311 | Depths:2 | Identified the +7 broad axe of Doanem {drain, Drain rC++
                  | rN+}
 55604 | Depths:2 | Reached skill level 9 in Evocations
 55655 | Depths:2 | Noticed a juggernaut
 55689 | Depths:2 | Killed a juggernaut
 56335 | Depths:2 | Identified the +2 scale mail "Kewum" {*Slow rElec rPois
                  | Int+3}
 56375 | Depths:2 | Identified the +0 scale mail "Xedgh" {rC+}
 56510 | Depths:2 | Found a glowing golden altar of the Shining One.
 56593 | Depths:2 | Identified the +1 shortbow "Akhaz" {venom, Fly Will++
                  | Int-3}
 56593 | Depths:2 | Identified the +6 plate armour of Forking Paths {Will+
                  | Int+3 Stlth+}
 57901 | Shoals:3 | Killed Iidacon's ghost
 57906 | Shoals:3 | Identified the ring of Dubliv {Fire rN+ Dex+4 Stlth-}
 58089 | Shoals:3 | Acquired 453 gold pieces
 58096 | Shoals:3 | Bought a vibrating turquoise ring for 195 gold pieces
 58096 | Shoals:3 | Identified the ring of Xiwnoex {rC+ Dex+7} (You bought it
                  | in a shop on level 3 of the Shoals)
 58502 | Depths:3 | Found a one-way gateway to a ziggurat.
 58725 | Depths:3 | Found a one-way gate to the infinite horrors of the Abyss.
 59051 | Depths:3 | Found Ureriul's General Store.
 59055 | Depths:3 | Found Asuep's Magic Scroll Emporium.
 59056 | Depths:3 | Found Fasiuhop's Armour Shoppe.
 59059 | Depths:3 | Bought a scroll of brand weapon for 260 gold pieces
 59292 | Depths:3 | Found a runed door.
 59576 | Depths:3 | Noticed a dread lich
 59598 | Depths:3 | Killed a dread lich
 59599 | Depths:3 | Reached skill level 23 in Shields
 59784 | Depths:3 | Identified the amulet of Gamyreqiet {RegenMP *Slow rN+
                  | Regen+ Dex+2}
 59806 | Depths:3 | Identified the ring of Foazxisch {EV+4 Str+6}
 59939 | Depths:4 | Entered Level 4 of the Depths
 60152 | Depths:4 | Reached XP level 25. HP: 172/185 MP: 23/23
 60320 | Depths:4 | Found a gate to the Realm of Zot.
 60552 | Depths:4 | Identified the ring "Wedidoh" {rC++ Will+ Str+3}
 61087 | Depths:4 | Noticed a juggernaut
 61097 | Depths:4 | Killed a juggernaut
 61692 | Zot:1    | Entered Level 1 of the Realm of Zot
 61958 | Zot:1    | Reached skill level 21 in Fighting
 62873 | Zot:2    | Reached skill level 21 in Armour
 63083 | Zot:2    | Noticed a Killer Klown
 63084 | Zot:2    | Noticed a Killer Klown
 63084 | Zot:2    | Noticed a Killer Klown
 63159 | Zot:2    | a Killer Klown changed into an iron troll
 63165 | Zot:2    | a Killer Klown changed into a caustic shrike
 63181 | Zot:2    | a Killer Klown changed into an acid blob
 63332 | Zot:2    | Noticed a Killer Klown
 63343 | Zot:2    | Killed a Killer Klown
 63684 | Zot:2    | Got Ihiex's Volume of the Unholy Compass
 65432 | Zot:3    | Reached XP level 26. HP: 194/194 MP: 23/23
 67139 | Zot:4    | Noticed an orb of fire
 67280 | Zot:4    | Gained mutation: You are clumsy. (Dex -2) [an orb of fire]
 67306 | Zot:3    | Gained mutation: You occasionally shout uncontrollably at
                  | your foes. [an orb of fire]
 67310 | Zot:3    | Gained mutation: You are occasionally teleported next to
                  | monsters. [an orb of fire]
 67316 | Zot:3    | Killed an orb of fire
 67323 | Zot:3    | Lost mutation: You are robust. (+10% HP) [potion of
                  | mutation]
 67323 | Zot:3    | Lost mutation: You are clumsy. (Dex -2) [potion of
                  | mutation]
 67323 | Zot:3    | Gained mutation: You have a pair of small horns on your
                  | head. [potion of mutation]
 67323 | Zot:3    | Gained mutation: You are robust. (+10% HP) [potion of
                  | mutation]
 67323 | Zot:3    | Gained mutation: You have sharp toenails. [potion of
                  | mutation]
 67323 | Zot:3    | Gained mutation: You are very robust. (+20% HP) [potion of
                  | mutation]
 67324 | Zot:3    | Lost mutation: You have a pair of small horns on your head.
                  | [potion of mutation]
 67324 | Zot:3    | Lost mutation: You are very robust. (+20% HP) [potion of
                  | mutation]
 67324 | Zot:3    | Gained mutation: You are clumsy. (Dex -2) [potion of
                  | mutation]
 67324 | Zot:3    | Gained mutation: You have razor-sharp toenails. [potion of
                  | mutation]
 67325 | Zot:3    | Lost mutation: You are clumsy. (Dex -2) [potion of
                  | mutation]
 67325 | Zot:3    | Lost mutation: You are occasionally teleported next to
                  | monsters. [potion of mutation]
 67325 | Zot:3    | Gained mutation: Your muscles are strong. (Str +2) [potion
                  | of mutation]
 67325 | Zot:3    | Gained mutation: You possess an exceptional clarity of
                  | mind. [potion of mutation]
 68326 | Zot:4    | Reached skill level 24 in Shields
 68969 | Zot:5    | Entered Level 5 of the Realm of Zot
 69054 | Zot:5    | Reached skill level 12 in Evocations
 69739 | Zot:5    | Noticed a Killer Klown
 69752 | Zot:5    | Noticed a dread lich
 69754 | Zot:5    | Noticed a dread lich
 69765 | Zot:5    | Killed a Killer Klown
 69777 | Zot:5    | Killed a dread lich
 69799 | Zot:5    | Killed a dread lich
 69915 | Zot:5    | Noticed an orb of fire
 69916 | Zot:5    | Lost mutation: Your muscles are strong. (Str +2) [an orb of
                  | fire]
 69923 | Zot:5    | Gained mutation: Your spells are a little easier to cast,
                  | but a little less powerful. [an orb of fire]
 69935 | Zot:5    | Killed an orb of fire
 69936 | Zot:5    | Noticed an electric golem
 69953 | Zot:5    | Reached XP level 27. HP: 153/202 MP: 23/23
 69959 | Zot:5    | Killed an electric golem
 70108 | Zot:5    | Noticed an ancient lich
 70127 | Zot:5    | Killed an ancient lich
 70138 | Zot:5    | Noticed an electric golem
 70231 | Zot:5    | Killed an electric golem
 70510 | Zot:5    | Noticed an orb of fire
 70510 | Zot:5    | Noticed an orb of fire
 70515 | Zot:5    | Got the Orb of Zot
 70520 | Zot:5    | Identified the +5 tower shield of the Farrier {rF++ rN+
                  | MP+9 Slay-5}
 70704 | Zot:3    | Gained mutation: You do not regenerate when monsters are
                  | visible. [a neqoxec]
 70761 | Depths:4 | Lost mutation: You occasionally shout uncontrollably at
                  | your foes. [potion of mutation]
 70761 | Depths:4 | Lost mutation: You are robust. (+10% HP) [potion of
                  | mutation]
 70761 | Depths:4 | Lost mutation: You do not regenerate when monsters are
                  | visible. [potion of mutation]
 70761 | Depths:4 | Gained mutation: You are partially covered in iridescent
                  | scales. (AC +2) [potion of mutation]
 70761 | Depths:4 | Lost mutation: You possess an exceptional clarity of mind.
                  | [potion of mutation]
 70761 | Depths:4 | Gained mutation: You are mostly covered in iridescent
                  | scales. (AC +4) [potion of mutation]
 71188 | D:1      | Noticed Ponwes the pandemonium lord
 71218 | D:1      | Killed Ponwes the pandemonium lord
 71252 | D:$      | Escaped with the Orb!

Levels and vault maps discovered:
D:1:      dpeg_arrival_rooms_c, layout_basic
D:2:      layout_rooms
D:3:      layout_loops_ring, mainiacjoe_overflow_boulevard,
          grunt_dithmenos_smoke_and_mirrors, old_standard_altar,
          minmay_misc_feat_ornament, hangedman_decor_points
D:4:      layout_rooms, uniq_edmund
D:5:      layout_loops_cross, chequers_garden
D:6:      layout_basic, chequers_serial_rivers_micro_b
D:7:      layout_cave_pools, minmay_temple_entry_sparse_star,
          chequers_serial_rivers_large_a, uniq_crazy_yiuf_cottage, uniq_pikel
D:8:      nicolae_cairo_tiling_very_big, layout_loops_ring,
          mainiacjoe_overflow_24_doors, nicolae_overflow_hidden_temple,
          kennysheep_pointless_box, grunt_livestock
D:9:      layout_roguey, minmay_lair_entry_grove, hiddenorc2_lemuel
D:10:     layout_basic, kennysheep_mini_moat, chequers_serial_rivers_room_b,
          minmay_shattered_shrine
D:11:     layout_roguey, special_room [special_room_bee]
D:12:     layout_cave_pools
D:13:     layout_gridville, erik_vaults_1, st_stairs_4, uniq_snorg
D:14:     layout_irregular_city, ashenzari_conservatory_becter, uniq_frances
D:15:     hangedman_depths_entry_try_elsewhere_first, layout_irregular_city,
          serial_shops, shop, guppyfry_shop_blood, uniq_louise, uniq_azrael
Temple:   nicolae_temple_x_marks_the_god
Lair:1:   beast_lair_carwin_large_2, layout_gridlike,
          chequers_serial_rivers_room_a, grunt_megastairs_5,
          serial_bayou_shore_a, uniq_grum
Lair:2:   layout_roguey, elwin_shoals_entry_rocks
Lair:3:   layout_hall_layers, st_stairs_3
Lair:4:   layout_misc_corridors, spider_nest_entry_webs
Lair:5:   layout_layer_cave, slime_altar_1, basic_altar
Lair:6:   evil_forest, layout_loops_ring, hibernation_bobbens,
          grunt_megastairs_4, infiniplex_staircase_pool
Shoals:1: layout_shoals
Shoals:2: layout_shoals, nicolae_shoals_kraken_intersection
Shoals:3: layout_shoals, gammafunk_ghost_berserking_beasts
Shoals:4: shoals_end_grunt_garden, layout_shoals, shoal_ilsuiw,
          nicolae_shoals_loop_pool
Spider:1: lemuel_spider_zombies, special_room, nicolae_spider_undead_wolf_pack
Spider:2: layout_spider_delve
Spider:3: spider_temple_joshua
Spider:4: grunt_spider_rune_parallel, uniq_arachne
Orc:1:    layout_caves, nicolae_orc_stony_grotto
Orc:2:    st_orc_pillars, layout_caves, mines3_lemuel
Elf:1:    layout_geoelf_grid, gammafunk_ghost_wrathful_warriors, serial_shops,
          nicolae_shop_bloodbath_and_beyond, hangedman_corner_corridor
Elf:2:    nicolae_elf_blades_splatter_lattice [nicolae_blade_entry_pointy_end],
          layout_gridlike, serial_shops, shop, patterned_corridor
Elf:3:    grunt_elf_hall_branching, layout_geoelf_grid,
          serial_sigils_hangedman_carve, uniq_bai_suzhen
Vaults:1: portal_desolation_entry_garden, nicolae_vaults_ninety_degrees,
          v_misc_26, vaults_dpeg_ring, vaults_dpeg_encased_lava,
          nicolae_vaults_ring_of_whatevers, ontoclasm_vaults_loading_screen,
          hangedman_vaults_variations, vaults_mumra_hexcomb,
          ontoclasm_vaults_eye, v_pattern_5, vaults_room_grid,
          layout_vaults_omnibox, serial_shops, nicolae_shop_waterfront
Vaults:2: hangedman_vaults_maws, vaults_room_door_ring,
          ontoclasm_vaults_shuriken, v_alt_pattern_5, v_misc_9,
          vaults_room_ringed_pool, nicolae_vaults_little_squares_3,
          grunt_vaults_bifocal, ontoclasm_vaults_ligature,
          ontoclasm_vaults_misaligned, v_misc_9, v_misc_17,
          dpeg_vaults_monster_box, layout_vaults_big_room, serial_shops,
          nicolae_shop_stone, uniq_saint_roka, uniq_mara, uniq_xtahua
Vaults:3: v_misc_17, vaults_room_corners, minmay_crypt_entry_necro_gods,
          v_alt_pattern_2, nicolae_vaults_little_squares_1, v_misc_8,
          nicolae_vaults_triangles, vaults_mumra_bighexcomb, v_misc_2, v_misc_5,
          hangedman_vaults_restitches, v_misc_8, layout_vaults_omnigrid,
          serial_shops, shop_statue, uniq_aizul, uniq_asterion
Vaults:4: v_rooms_2, ontoclasm_vaults_twist, nicolae_vaults_little_squares_4,
          nicolae_vaults_angled_halls, vaults_mumra_minichess,
          nicolae_vaults_asterisk, grunt_vaults_swirl,
          nicolae_vaults_specimen_jars, v_misc_33, v_misc_4,
          vaults_room_corners, vaults_dpeg_diagonal, v_misc_14,
          layout_vaults_omnicross, serial_shops, nicolae_shop_crystal,
          uniq_margery
Vaults:5
Depths:1: layout_cave_pools, solitary_fountain, pf_hell_entry_tar_river,
          rand_demon_pan_entry_5, nicolae_wu_jian_wuxing_cycle
Depths:2: minmay_the_grid_net [minmay_the_grid_minigrid_medium,
          minmay_the_grid_box_x, minmay_the_grid_aliased_spiral,
          minmay_the_grid_dragon_b, minmay_the_grid_large_cup,
          minmay_the_grid_prize_shrinking_boxes], layout_basic, chequers_jeans,
          grunt_hell_entry_dis_mu, special_room [special_room_jelly],
          rand_demon_pan_entry_7, minmay_st_funbox, tso_oasis_becter,
          infiniplex_staircase_pillars_1
Depths:3: evilmike_wizard_prison, layout_cave_pools, enter_ziggurat_a,
          abyss_entry, hell_entry, serial_bayou_shore_b, grunt_megastairs_2,
          minmay_staircase_bubble, firewood_loft, minmay_shop_star
Depths:4: grunt_crosshair, layout_long_grid, amcnicky_mini_pool_small,
          hellmouth_1, serial_bayou_shore_b
Zot:1:    layout_cathedral_of_symmetry, hangedman_zot_decor_slant
Zot:2:    circus_mu, layout_misc_corridors, zot_minivault_1
Zot:3:    layout_cathedral_of_symmetry
Zot:4:    hangedman_orp_of_zott, layout_onion_interference
Zot:5:    layout_misc_corridors

Action                   |  1- 3 |  4- 6 |  7- 9 | 10-12 | 13-15 | 16-18 | 19-21 | 22-24 | 25-27 || total
-------------------------+-------+-------+-------+-------+-------+-------+-------+-------+-------++-------
Melee: Flail             |   113 |   136 |   430 |  1077 |   180 |       |       |       |       ||  1936
       Punch             |       |     1 |     9 |     8 |       |       |       |       |       ||    18
       Kick              |       |       |       |    12 |       |       |       |       |       ||    12
       Unarmed           |       |       |       |     4 |       |       |       |       |       ||     4
       Morningstar       |       |       |       |       |  1923 |  1823 |       |       |       ||  3746
       Demon whip        |       |       |       |       |       |   708 |  2047 |  2125 |  1937 ||  6817
Invok: Call Merchant     |       |       |       |       |     5 |       |       |     6 |       ||    11
       Potion Petition   |       |       |       |       |     1 |     3 |       |     1 |     1 ||     6
Evoke: Wand              |       |       |       |     5 |    13 |    16 |       |     1 |       ||    35
       Lightning rod     |       |       |       |       |     2 |    10 |     2 |     8 |       ||    22
       Box of beasts     |       |       |       |       |       |       |     2 |     1 |       ||     3
       Tin of tremorston |       |       |       |       |       |       |       |     5 |     2 ||     7
       Phantom mirror    |       |       |       |       |       |       |       |       |     1 ||     1
  Use: Potion            |       |     1 |       |     7 |     3 |    13 |     2 |     9 |     6 ||    41
       Scroll            |       |       |     4 |     6 |     6 |    23 |     4 |     4 |    13 ||    60
 Stab: Distracted        |       |       |     3 |     3 |     9 |    11 |    10 |    24 |     7 ||    67
       Invisible         |       |       |       |     7 |       |       |       |     1 |       ||     8
       Sleeping          |       |       |       |       |       |     3 |       |       |       ||     3
Armor: Leather armour    |    11 |       |       |       |       |       |       |       |       ||    11
       Chain mail        |    56 |       |       |       |       |       |       |       |       ||    56
       Plate armour      |     1 |   128 |   289 |   512 |       |       |       |       |       ||   930
       Ring mail         |       |       |       |   112 |  1038 |   826 |       |       |       ||  1976
       Scale mail        |       |       |       |       |       |   330 |   609 |   468 |   487 ||  1894
Dodge: Dodged            |    46 |    46 |   117 |   315 |  1059 |  1185 |   663 |   517 |   567 ||  4515
Block: Buckler           |       |       |       |    91 |   641 |    61 |       |       |       ||   793
       Kite shield       |       |       |       |       |       |  1503 |  1418 |  1011 |  1151 ||  5083
       Reflection        |       |       |       |       |       |    25 |    26 |    29 |    13 ||    93
